Map: Ley Lines

Players

Vindicta - Winner!

  • Race: Terran Terran
  • League: Grandmaster
  • Spawn Location: 1:00

WannaBeZoun

  • Race: Protoss Protoss
  • League: Grandmaster
  • Spawn Location: 7:00

VOD

Have the link to the VOD?

Description

Time

  • Played on: Feb. 17, 2025, 4:05 p.m.
  • Length: 11:08
Show
View Real Time Build Order
Export as new Build Order

Vindicta Terran - Winner!

Build Orders:  

Get SALT Encoding   

  12  0:00  SCV  
  13  0:12  SCV  
  14  0:17  Supply Depot  
  14  0:24  SCV  
  15  0:39  SCV  
  15  0:40  Barracks  
  16  0:44  Refinery  
  16  0:51  SCV  
  17  1:03  SCV  
  18  1:15  SCV  
  19  1:27  Marine  
  19  1:28  Orbital Command  
  20  1:41  Command Center  
  20  1:46  Barracks Reactor  
  20  1:55  SCV  
  20  1:59  Supply Depot  
  21  2:07  SCV, Barracks  
  22  2:17  Barracks  
  22  2:19  SCV  
  23  2:23  Marine x2  
  25  2:32  SCV  
  26  2:41  Marine x2  
  26  2:44  SCV  
  29  2:53  Orbital Command  
  29  2:55  Barracks Tech Lab  
  29  2:56  SCV  
  30  2:59  Marine x2  
  32  3:05  Barracks Tech Lab  
  32  3:08  SCV  
  33  3:15  Stimpack  
  33  3:16  Marauder  
  33  3:19  SCV, Supply Depot  
  36  3:20  SCV, Marine x2  
  36  3:24  Concussive Shells  
  39  3:29  Marauder  
  39  3:31  SCV  
  39  3:32  SCV  
  43  3:38  Marine x2  
  47  3:41  Marauder  
  47  3:44  SCV  
  47  3:46  Refinery  
  47  3:47  SCV  
  49  3:51  Supply Depot  
  49  3:53  Marauder  
  51  3:56  SCV, Marine  
  51  3:59  SCV  
  54  4:05  Engineering Bay  
  54  4:09  Refinery  
  54  4:12  SCV, Marine  
  54  4:13  Marauder  
  54  4:14  Marine, Marauder  
  58  4:20  SCV  
  56  4:24  SCV  
  56  4:30  Marine  
  56  4:32  SCV, Marine  
  56  4:35  Missile Turret  
  56  4:37  SCV  
  55  4:43  Missile Turret  
  55  4:44  SCV  
  55  4:45  Marauder  
  54  4:46  Marine  
  54  4:48  Combat Shield  
  54  4:49  SCV  
  54  4:53  Marine  
  54  4:54  Supply Depot  
  54  4:56  SCV  
  54  4:57  Marine  
  57  5:01  SCV  
  57  5:04  Marine  
  57  5:05  Marine  
  60  5:08  SCV  
  60  5:11  Marine  
  62  5:16  SCV  
  62  5:18  Marine, Supply Depot, Terran Infantry Weapons Level 1  
  62  5:20  SCV  
  65  5:23  Marine  
  65  5:25  Supply Depot  
  65  5:27  Marine  
  65  5:28  SCV  
  68  5:31  Marine  
  68  5:32  SCV  
  69  5:36  Marine  
  69  5:40  SCV  
  69  5:41  Marine, Factory  
  69  5:45  SCV, Marine  
  71  5:52  SCV  
  71  5:53  Marine  
  71  5:54  Marine  
  75  5:57  SCV  
  75  5:59  Marauder  
  75  6:02  Marine  
  78  6:04  Supply Depot  
  78  6:05  SCV  
  78  6:08  Refinery  
  78  6:09  SCV  
  78  6:10  Marine  
  81  6:11  Marine  
  81  6:17  SCV  
  81  6:18  Supply Depot  
  83  6:20  Marine  
  83  6:21  SCV  
  83  6:25  Factory Reactor  
  86  6:26  Starport  
  84  6:33  Marine x2  
  84  6:39  SCV  
  86  6:40  SCV, Marine  
  86  6:44  Command Center  
  86  6:45  Marine  
  86  6:47  Supply Depot  
  89  6:51  Marine  
  89  6:58  Marauder  
  89  7:00  SCV x2  
  93  7:12  SCV, Medivac x2  
  93  7:13  SCV, Barracks  
  93  7:14  Barracks  
  93  7:15  Factory Tech Lab  
  99  7:17  Terran Infantry Armor Level 1  
  99  7:21  Marine, Marauder  
  102  7:25  SCV  
  102  7:27  SCV  
  104  7:30  Ghost Academy  
  104  7:35  Siege Tank  
  104  7:36  Marine  
  108  7:37  Marine  
  108  7:39  SCV  
  110  7:55  SCV, Marine, Supply Depot, Viking x2  
  116  7:59  Orbital Command  
  116  8:03  Barracks Tech Lab, Barracks Reactor  
  116  8:04  SCV  
  123  8:17  SCV  
  123  8:25  SCV, Viking x2  
  128  8:29  SCV  
  128  8:31  Siege Tank  
  131  8:34  Refinery  
  131  8:35  Supply Depot  
  131  8:36  Unknown, Supply Depot  
  131  8:39  SCV  
  131  8:40  Unknown  
  138  8:44  Refinery  
  138  8:45  SCV x2  
  138  8:46  Supply Depot  
  140  8:49  Missile Turret  
  140  8:51  Marine  
  141  8:56  Viking x2  
  141  8:57  SCV x2, Marine  
  149  9:05  Marine x2, Unknown  
  149  9:06  Unknown  
  149  9:07  Bunker  
  153  9:10  Siege Tank  
  153  9:16  Marine x2, Marauder  
  163  9:22  Supply Depot x2  
  163  9:23  Marine  
  163  9:24  Marine  
  165  9:33  Marine  
  165  9:34  Marine  
  165  9:38  Marauder  
  169  9:40  SCV  
  169  9:41  Marine, Unknown  
  169  9:42  Marauder  
  169  9:43  Marine, Siege Tank  
  177  9:49  Unknown  
  177  9:50  Marauder  
  177  9:51  Marine x2  
  164  9:59  Marine, Marauder  
  150  10:01  Marine  
  150  10:02  Command Center  
  150  10:03  Marauder  
  150  10:06  SCV  
  143  10:09  Marine  
  143  10:11  Marine, Marauder  
  143  10:13  SCV  
  138  10:17  Marine  
  138  10:18  Marine  
  129  10:25  SCV, Marauder  
  129  10:27  Marine  
  129  10:28  Medivac, Siege Tank  
  134  10:30  Marine  
  137  10:39  Armory  
  137  10:40  Marine, Marauder, Engineering Bay  
  140  10:43  SCV, Marine  
  140  10:45  Marine  
  140  10:46  Marauder  
  140  10:48  Marine x2  
  140  10:49  Unknown  
Show
View Real Time Build Order
Export as new Build Order

WannaBeZoun Protoss 

Build Orders: Oracle Opening, Colossus Rush 

Get SALT Encoding   

  12  0:00  Probe  
  13  0:12  Probe  
  14  0:17  Pylon  
  14  0:24  Probe  
  15  0:32  Probe  
  15  0:37  Gateway  
  15  0:40  Probe  
  16  0:46  Assimilator  
  17  0:51  Probe  
  17  0:54  Assimilator  
  18  1:03  Probe  
  19  1:05  Pylon  
  19  1:15  Probe  
  20  1:23  Cybernetics Core  
  22  1:27  Probe  
  23  1:39  Probe  
  24  1:52  Sentry, Nexus  
  22  1:54  Probe  
  25  2:02  Warp Gate  
  25  2:08  Pylon  
  25  2:11  Stalker  
  25  2:20  Probe  
  28  2:30  Stargate  
  28  2:32  Probe  
  29  2:44  Stalker, Probe  
  32  2:57  Probe  
  33  3:01  Probe  
  33  3:03  Oracle  
  34  3:09  Probe x2  
  35  3:19  Probe  
  39  3:21  Probe  
  39  3:24  Robotics Facility  
  41  3:27  Gateway  
  41  3:31  Probe  
  42  3:37  Probe, Shield Battery  
  43  3:43  Probe  
  44  3:49  Probe  
  44  3:51  Assimilator  
  44  3:52  Adept  
  47  3:55  Probe, Assimilator  
  47  4:01  Probe  
  49  4:03  Immortal  
  49  4:04  Shield Battery  
  49  4:09  Probe  
  54  4:21  Pylon  
  54  4:39  Probe  
  54  4:42  Immortal  
  54  4:43  Probe  
  54  4:44  Robotics Bay  
  58  4:46  Adept x2  
  58  4:51  Probe  
  58  4:52  Pylon  
  61  4:55  Probe  
  62  5:09  Nexus  
  62  5:10  Probe x2, Pylon  
  64  5:15  Gateway  
  64  5:16  Colossus  
  64  5:21  Sentry  
  64  5:22  Probe  
  64  5:24  Probe  
  74  5:39  Adept  
  74  5:43  Probe  
  74  5:45  Probe  
  74  5:49  Gateway  
  74  5:53  Shield Battery  
  74  5:56  Probe, Gateway  
  75  5:57  Extended Thermal Lance  
  75  5:58  Pylon  
  75  6:00  Probe  
  76  6:09  Colossus, Pylon  
  76  6:19  Adept x3  
  76  6:23  Probe x2, Shield Battery  
  85  6:31  Probe  
  91  6:35  Probe  
  91  6:36  Twilight Council  
  91  6:39  Forge  
  92  6:42  Probe  
  92  6:43  Probe  
  92  6:46  Protoss Ground Weapons Level 1  
  94  6:49  Probe  
  94  6:52  Stalker x2  
  97  6:54  Probe  
  97  6:58  Probe  
  97  7:00  Stalker  
  97  7:01  Stalker x2, Charge  
  99  7:08  Colossus  
  105  7:21  Pylon  
  105  7:28  Nexus  
  102  7:30  Probe  
  102  7:31  Probe  
  102  7:36  Pylon  
  104  7:40  Zealot x4  
  112  7:46  Probe x2  
  114  7:53  Gateway  
  114  7:54  Probe, Gateway  
  114  7:57  Gateway  
  114  7:58  Shield Battery  
  115  8:03  Probe, Warp Prism  
  118  8:07  Probe  
  118  8:09  Robotics Facility  
  119  8:14  Probe  
  119  8:18  Pylon  
  119  8:19  Zealot x2  
  122  8:20  Pylon  
  122  8:22  Zealot  
  124  8:29  Probe  
  124  8:34  Pylon x2  
  125  8:36  Probe  
  125  8:40  Zealot x4  
  134  8:43  Observer  
  134  8:45  Probe  
  134  8:47  Blink, Disruptor  
  136  8:55  Zealot x2  
  136  8:56  Zealot  
  146  9:10  Stalker x5  
  146  9:14  Pylon, Disruptor  
  158  9:23  Disruptor  
  162  9:25  Gateway  
  162  9:28  Gateway  
  162  9:31  Probe  
  162  9:34  Nexus  
  161  9:44  Zealot x4  
  161  9:45  Zealot x3  
  175  9:49  Disruptor  
  163  9:54  Zealot  
  131  10:05  Zealot x7  
  124  10:09  Disruptor  
  124  10:13  Probe  
  94  10:22  Zealot x4  
  94  10:26  Zealot x8  
  99  10:32  Probe  
  90  10:43  Probe  
  90  10:46  Probe x2  
  90  10:48  Zealot x7  
  110  10:56  Zealot  
Tags
 
Add a new tag
Caveats
  • Supply blocks, unpowered buildings, or Contaminate may cause inaccurate times.
  • Supply counts are checked every 10 seconds.